 Dungeon Crawl Stone Soup version 0.31-a0-361-g0f8bd3a (webtiles) character file.

Game seed: 6307492503188262042

21423 Dorkslayer the Severer (level 12, -3/106 HPs)
             Began as a Hill Orc Fighter on July 26, 2023.
             Was an Initiate of Gozag.
             Killed by an exploding yak (32 damage)
             ... ignited by their inner flame
             ... on level 12 of the Dungeon.
             The game lasted 00:32:20 (9606 turns).

Dorkslayer the Severer (Hill Orc Fighter)           Turns: 9606, Time: 00:32:21

Health: -3/106     AC: 20    Str: 24    XL:     12   Next: 89%
Magic:  12/12      EV: 13    Int:  8    God:    Gozag
Gold:   2129       SH:  5    Dex: 10    Spells: 11/11 levels left

rFire   . . .        a - +4 war axe (heavy)
rCold   . . .        c - +0 buckler
rNeg    . . .        r - +0 plate armour
rPois   .            g - +2 hat
rElec   .            e - +0 cloak
rCorr   .            (no gloves)
SInv    +            j - +1 pair of boots
Will    .....        B - amulet of regeneration Stlth
                     h - ring of see invisible
HPRegen 1.17/turn    y - +5 ring of evasion
MPRegen 0.13/turn

%: no passive effects
@: gold aura
A: no striking features
a: Renounce Religion, Potion Petition, Call Merchant, Bribe Branch


You were on level 12 of the Dungeon.
You worshipped Gozag.
Gozag was most pleased with you.
You visited 2 branches of the dungeon, and saw 13 of its levels.

You collected 2200 gold pieces.
You paid 71 gold pieces to Gozag.

Inventory:

Hand Weapons
 a - a +4 heavy war axe (weapon)
 s - a +5 morningstar of freezing
 x - a +4 demon trident of electrocution
 D - a +3 flail of holy wrath
 F - a +1 flail of draining
Missiles
 o - 6 boomerangs (quivered)
 w - 12 silver javelins
Armour
 c - a +0 buckler (worn)
 e - a +0 cloak (worn)
 g - a +2 hat (worn)
 j - a +1 pair of boots (worn)
 r - a +0 plate armour (worn)
Jewellery
 h - a ring of see invisible (left hand)
 y - a +5 ring of evasion (right hand)
 A - a ring of protection from cold
 B - an amulet of regeneration (around neck)
 J - a ring of poison resistance
Wands
 E - a wand of flame (26)
Scrolls
 d - 8 scrolls of teleportation
 f - 4 scrolls of fog
 i - a scroll of brand weapon
 k - a scroll of poison
 l - 2 scrolls of silence
 m - 2 scrolls of immolation
 p - a scroll of revelation
 q - 4 scrolls of identify
Potions
 b - 2 potions of resistance
 n - a potion of brilliance
 t - 2 potions of attraction
 u - a potion of lignification
 z - 2 potions of magic
 C - a potion of enlightenment
 G - 2 potions of mutation
 H - a potion of ambrosia
 K - a potion of cancellation
 L - a potion of haste {unknown}
 M - a potion of might
Miscellaneous
 v - a lightning rod (1/4)


   Skills:
 + Level 10.2 Fighting
 + Level 16.3 Axes
 + Level 0.2 Throwing
 + Level 10.8 Armour
 + Level 5.0 Dodging
 + Level 1.7 Stealth
 + Level 6.9 Shields
 + Level 0.3 Unarmed Combat
 * Level 8.1 Evocations


You had 11 spell levels left.
You didn't know any spells.
Your spell library contained the following spells:

 Spells                   Type           Power      Damage    Failure   Level
 Sandblast                Erth           0%         2d4       99%         1
 Ensorcelled Hibernation  Hex/Ice        0%         N/A       100%        2
 Passwall                 Tmut/Erth      0%         N/A       100%        2
 Static Discharge         Conj/Air       0%         2-2/arc   100%        2
 Stone Arrow              Conj/Erth      0%         3d7       100%        3
 Swiftness                Air            0%         N/A       100%        3
 Airstrike                Air            0%         2d(0-16)  100%        4
 Summon Lightning Spire   Summ/Air       0%         N/A       100%        4


Dungeon Overview and Level Annotations

Branches:
Dungeon (12/15)            Temple (1/1) D:4            Lair (0/5) D:9
    Orc (0/2) D:12

Altars:
Ashenzari
Cheibriados
Dithmenos
Elyvilon
Fedhas
Gozag
Hepliaklqana
Kikubaaqudgha
Makhleb
Nemelex Xobeh
Okawaru
Qazlal
Ru
Sif Muna
Trog
Uskayaw
Vehumet
Wu Jian
Xom
Yredelemnul
Zin
The Shining One


Message History

You hear a splash.
The fiery explosion engulfs you!!
The centaur warrior explodes!
You feel a bit more experienced.
The fiery explosion engulfs the very large slime creature!!
Flame seeps out of the very large slime creature.
The very large slime creature is heavily wounded.
You hear an explosion!
You hear a splash.
You feel a bit more experienced. x3
You hear an explosion! x2; You hear a splash.
You feel a bit more experienced.
You hear an explosion! x2
You are engulfed in blazing flames.
* * * LOW HITPOINT WARNING * * *
The yak is no longer distracted by gold. x2
The yak is engulfed in blazing flames.
Flame seeps out of the yak.
The yak is distracted by your dazzling golden aura.
Your lightning rod (1/4) has regained one charge.
Your Evocations skill increases to level 8!
Unknown command.
The very large slime creature is engulfed in blazing flames.
Flame seeps out of the very large slime creature.
Throw: 7 boomerangs
Press: ? - help, Q - select action, (/) - cycle Shift-Dir - straight line, f - cyclops
Aim: a cyclops, quivering large rocks (severely wounded, inner flame, 86% to hit)
You throw a boomerang.
The boomerang hits the yak and shatters for extra damage.
Flame seeps out of the yak.
The yak is severely wounded.
The yak is distracted by your dazzling golden aura.
The yak is engulfed in blazing flames.
Flame seeps out of the yak.
Unknown command.
You feel better.
The yak is engulfed in blazing flames.
The yak explodes!
The fiery explosion engulfs the very large slime creature!!!
Flame seeps out of the very large slime creature.
The very large slime creature is almost dead.
The fiery explosion engulfs you!!
You die...
Your body crumbles into a pile of gold.

...#......'......#
...#......##'#####
...#......##.....#
...'.#######.....#
...### . ###...#
..## .. ##..# ..#
... #..# .## ..O.
##.# ..≈.o #@#


oY≈ooV#§# ≈≈≈§§$J§# $ YY≈=$§#§# ..≈C.9#.# .$.$Y #$# ..... $$# .$.. $.# $..## ..#
You could see a very large slime creature (inner flame), a yak (inner flame,
unaware) and a gargoyle.

Vanquished Creatures
  The ghost of Wizard1ke the Martial Artist, a journeyman OpSh of Hepliaklqana (D:11)
  Erolcha (D:9)
  A centaur warrior (D:12)
  Erica (D:8)
  A boulder beetle (D:11)
  4 two-headed ogres
  Urug (D:11)
  Lodul (D:11)
  An ugly thing (D:12)
  Pikel (D:8)
  2 manticores (D:11)
  3 cyclopes
  A rust devil (D:10)
  A smoke demon (D:10)
  Psyche (D:9)
  A gargoyle (D:11)
  A komodo dragon (D:9)
  An unseen horror (D:10)
  A kobold demonologist (D:12)
  A red devil (D:10)
  3 trolls
  A hellwing (D:10)
  A shadow (D:11)
  2 slime creatures (D:12)
  11 yaks
  A vampire (D:12)
  2 wyverns
  2 basilisks (D:9)
  The ghost of PurpleRed the Sneak, an amateur GnBr (D:3)
  A steam dragon (D:9)
  7 vampire mosquitoes
  A warg (D:12)
  Edmund (D:6)
  2 acid dragons (D:9)
  A sky beast (D:8)
  11 ogres
  3 orc warriors
  2 ice beasts
  5 centaurs
  A phantom (D:5)
  2 kobold brigands
  4 scorpions (D:5)
  A gnoll sergeant (D:9)
  A bullfrog (D:8)
  5 wights (D:9)
  9 killer bees
  3 howler monkeys (D:7)
  A lava snake (D:10)
  A jelly (D:5)
  2 hounds
  5 orc priests
  3 sleepcaps
  A water moccasin simulacrum (D:3)
  Crazy Yiuf (D:2)
  A gnoll bouda (D:10)
  2 iguanas
  9 orc wizards
  A scorpion simulacrum (D:3)
  15 gnolls
  4 adders
  2 white imps
  3 worms
  4 dart slugs
  2 adder simulacra (D:3)
  27 orcs
  7 endoplasms
  A giant cockroach (D:4)
  2 goblins
  9 hobgoblins
  8 jackals
  4 quokkas
  9 ball pythons
  2 bats
  2 frilled lizards
  17 kobolds
  2 rats (D:2)
257 creatures vanquished.

Vanquished Creatures (collateral kills)
  Amaemon (D:8)
  An orange demon (D:8)
2 creatures vanquished.

Grand Total: 259 creatures vanquished

Notes
Turn   | Place    | Note
-------+----------+-------------------------------------------
     0 | D:1      | Dorkslayer the Hill Orc Fighter began the quest for the
                  | Orb.
     0 | D:1      | Reached XP level 1. HP: 19/19 MP: 1/1
   527 | D:1      | Reached XP level 2. HP: 27/27 MP: 2/2
   966 | D:2      | Found a faded altar of an unknown god.
  1007 | D:2      | Reached skill level 3 in Axes
  1007 | D:2      | Reached XP level 3. HP: 32/33 MP: 3/3
  1094 | D:2      | Found a runed translucent door.
  1095 | D:2      | Noticed Crazy Yiuf
  1105 | D:2      | Killed Crazy Yiuf
  1106 | D:2      | Reached skill level 1 in Dodging
  1209 | D:2      | Reached XP level 4. HP: 40/40 MP: 4/4
  1696 | D:3      | Noticed PurpleRed's ghost (amateur GnBr)
  1746 | D:3      | Noticed an ogre
  1756 | D:3      | Killed an ogre
  1757 | D:3      | Reached skill level 4 in Axes
  1757 | D:3      | Reached XP level 5. HP: 13/47 MP: 5/5
  2013 | D:3      | Reached skill level 5 in Axes
  2109 | D:3      | Found a runed translucent gate.
  2109 | D:3      | Found a runed translucent gate.
  2109 | D:3      | Found a runed translucent gate.
  2429 | D:3      | Killed PurpleRed's ghost
  2430 | D:3      | Reached XP level 6. HP: 14/55 MP: 6/6
  2583 | D:3      | Reached skill level 6 in Axes
  2880 | D:4      | Reached XP level 7. HP: 57/60 MP: 7/7
  3020 | D:4      | Found a staircase to the Ecumenical Temple.
  3030 | Temple   | Entered the Ecumenical Temple
  3037 | Temple   | Became a worshipper of Gozag Ym Sagoz the Greedy
  3096 | D:4      | Reached skill level 5 in Fighting
  3197 | D:5      | Entered Level 5 of the Dungeon
  3207 | D:5      | Found an ornate altar of the Wu Jian Council.
  3207 | D:5      | Found an ancient bone altar of Kikubaaqudgha.
  3207 | D:5      | Found a white marble altar of Elyvilon.
  3207 | D:5      | Found a sparkling altar of Nemelex Xobeh.
  3252 | D:5      | Reached skill level 7 in Axes
  3478 | D:5      | Reached skill level 5 in Armour
  3482 | D:5      | Reached XP level 8. HP: 46/69 MP: 8/8
  3535 | D:5      | Reached skill level 8 in Axes
  4121 | D:5      | Noticed a shadow
  4122 | D:5      | Found a shadowy altar of Dithmenos.
  4123 | D:5      | Found a hazy altar of Hepliaklqana.
  4304 | D:6      | Reached skill level 9 in Axes
  4640 | D:6      | Noticed Edmund
  4661 | D:6      | Killed Edmund
  4662 | D:6      | Reached skill level 1 in Evocations
  4662 | D:6      | Reached XP level 9. HP: 71/76 MP: 9/9
  4984 | D:7      | Reached skill level 10 in Axes
  5558 | D:7      | Found a broken altar of Ashenzari.
  5781 | D:8      | Noticed Pikel
  5810 | D:8      | Killed Pikel
  5811 | D:8      | Reached skill level 11 in Axes
  5811 | D:8      | Reached skill level 5 in Shields
  5889 | D:8      | Reached XP level 10. HP: 66/86 MP: 10/10
  5931 | D:8      | Noticed Amaemon
  5945 | D:8      | Killed Amaemon
  5946 | D:8      | Reached skill level 12 in Axes
  5948 | D:8      | Noticed an orange demon
  5956 | D:8      | Killed an orange demon
  6089 | D:8      | Noticed Erica
  6094 | D:8      | Killed Erica
  6095 | D:8      | Reached skill level 13 in Axes
  6176 | D:8      | Noticed a two-headed ogre
  6184 | D:8      | Killed a two-headed ogre
  6185 | D:8      | Reached skill level 5 in Evocations
  6491 | D:9      | Noticed Psyche
  6548 | D:9      | Killed Psyche
  6549 | D:9      | Reached XP level 11. HP: 75/95 MP: 11/11
  6624 | D:9      | Reached skill level 14 in Axes
  6783 | D:9      | Noticed Erolcha
  6792 | D:9      | Killed Erolcha
  6887 | D:9      | Noticed a cyclops
  6898 | D:9      | Killed a cyclops
  7062 | D:9      | Found a staircase to the Lair.
  7338 | D:10     | Entered Level 10 of the Dungeon
  7378 | D:10     | Noticed a two-headed ogre
  7404 | D:10     | Killed a two-headed ogre
  7501 | D:10     | Reached skill level 1 in Stealth
  8150 | D:10     | Reached skill level 15 in Axes
  8458 | D:11     | Found a runed translucent gate.
  8460 | D:11     | Found a runed translucent gate.
  8460 | D:11     | Found a runed translucent gate.
  8463 | D:11     | Noticed Wizard1ke's ghost (journeyman OpSh)
  8470 | D:11     | Killed Wizard1ke's ghost
  8471 | D:11     | Reached XP level 12. HP: 96/104 MP: 12/12
  8622 | D:11     | Noticed Lodul
  8632 | D:11     | Killed Lodul
  8865 | D:11     | Identified the +0 ring mail of Subjectivity {rN++ Dex-3}
  9129 | D:11     | Noticed a boulder beetle
  9141 | D:11     | Noticed Urug
  9142 | D:11     | Killed a boulder beetle
  9192 | D:12     | Reached skill level 5 in Dodging
  9196 | D:12     | Reached skill level 10 in Armour
  9212 | D:12     | Noticed a two-headed ogre
  9218 | D:12     | Killed a two-headed ogre
  9237 | D:12     | Found a staircase to the Orcish Mines.
  9346 | D:11     | HP: 5/106 [Urug/+4 demon trident of electrocution (13)]
  9348 | D:11     | Killed Urug
  9534 | D:12     | Noticed a sun demon
  9573 | D:12     | Noticed a boulder beetle
  9586 | D:12     | Reached skill level 16 in Axes
  9586 | D:12     | Noticed a centaur warrior
  9595 | D:12     | Reached skill level 10 in Fighting
  9597 | D:12     | Noticed a two-headed ogre
  9603 | D:12     | Killed a centaur warrior
  9603 | D:12     | Killed a two-headed ogre
  9606 | D:12     | Killed by an exploding yak... ignited by their inner flame

Illustrated notes

Levels and vault maps discovered:
D:1:      minmay_arrival_solitary_statue, layout_loops_corners,
          chequers_serial_rivers_micro_d, dk_noncrumbling_4
D:2:      layout_basic, shapermc_ecumenical_altar_acropolis,
          kennysheep_generic_room_13, uniq_crazy_yiuf_cottage
D:3:      minmay_angry_zag, layout_rooms, gammafunk_ghost_icy,
          kennysheep_generic_room_14
D:4:      layout_basic, minmay_temple_entry_poolview
D:5:      layout_loops_ring, riverfiend_overflow_shadow_ancestor,
          chequers_temple_overflow_statue_of_worship, nicolae_hexahallways,
          chequers_serial_rivers_micro_a
D:6:      wander_river, layout_loops_ring,
          nicolae_concentric_dashed_squares_mild, uniq_edmund
D:7:      layout_loops_ring, kennysheep_mini_moat
D:8:      layout_loops_ring, uniq_pikel, uniq_amaemon, uniq_erica
D:9:      layout_rooms, erik_lair_dragon, uniq_psyche, uniq_erolcha
D:10:     layout_loops_ring, nicolae_where_there's_smoke
D:11:     layout_cave_pods, ebering_ghost_rock_garden, uniq_urug, uniq_lodul
D:12:     layout_gridville, david_orc_3, serial_shops, shop, grunt_potential
Temple:   hellmonk_temple_of_storms

Skill      XL: |  1  2  3  4  5  6  7  8  9 10 11 12 |
---------------+-------------------------------------+-----
Fighting       | 4 5 6 7 8 9 10 | 10.2
Axes           | 3 4 5 6 7 9 11 13 15 16 | 16.3
Dodging        | 1 2 3 4 5 |  5.0
Armour         | 4 5 6 7 9 10 | 10.8
Shields        | 4 5 6 |  6.9
Evocations     | 1 3 5 7 8 |  8.1
Stealth        | 1 |  1.7
Throwing       | |  0.2
Unarmed Combat | |  0.3

Action                     |  1- 3 |  4- 6 |  7- 9 | 10-12 || total
---------------------------+-------+-------+-------+-------++-------
  Melee: War axe           |    34 |   131 |   304 |   255 ||   724
         Unarmed           |       |       |       |     4 ||     4
  Throw: Boomerang         |       |       |     2 |     5 ||     7
  Evoke: Wand              |       |       |       |     9 ||     9
         Lightning rod     |       |       |       |     5 ||     5
    Use: Scroll            |     4 |     4 |     7 |    16 ||    31
         Potion            |     1 |     1 |     1 |     6 ||     9
   Stab: Distracted        |       |       |       |     1 ||     1
 Armour: Scale mail        |     6 |    63 |    76 |       ||   145
         Chain mail        |       |       |    14 |   105 ||   119
         Skin              |       |       |       |     3 ||     3
         Plate armour      |       |       |       |    66 ||    66
  Dodge: Dodged            |    16 |    60 |   172 |   237 ||   485
  Block: Buckler           |    11 |    34 |    64 |    83 ||   192

Table legend: (Time is in decaauts)
 A = Elapsed time spent in this place.
 B = Non-inter-level travel time spent in this place.
 C = Inter-level travel time spent in this place.
 D = Time resting spent in this place.
 E = Time spent auto-exploring this place.
 F = Levels seen in this place.
 G = Mean time per level.
                   A        B        C        D        E       F      G
               +--------+--------+--------+--------+--------+-----+--------+
         Total |   9756 |   9756 |      0 |    831 |   4312 |  13 |  750.5 |
       Dungeon |   9741 |   9741 |      0 |    831 |   4312 |  12 |  811.8 |
        Temple |     15 |     15 |      0 |      0 |      0 |   1 |   15.0 |
               +--------+--------+--------+--------+--------+-----+--------+

Top non-repeatable levels by time:
    D:10: 1089 daAuts
     D:3: 1040 daAuts
     D:5: 986 daAuts
    D:11: 933 daAuts
     D:1: 875 daAuts
     D:9: 852 daAuts
     D:7: 838 daAuts
     D:2: 813 daAuts
     D:6: 804 daAuts
     D:8: 735 daAuts
     D:4: 510 daAuts
    D:12: 260 daAuts
  Temple: 15 daAuts
